 Dungeon Crawl Stone Soup version 0.28-a0-1435-g82390b3a13 (webtiles) character file.

Game seed: 15082372611437747821

43 browni3141 the Shield-Bearer (level 3, -3/29 HPs)
             Began as a Human Fighter on Jan 9, 2022.
             Killed from afar by Sigmund (9 damage)
             ... with a puff of flame
             ... on level 2 of the Dungeon.
             The game lasted 00:01:23 (1182 turns).

browni3141 the Shield-Bearer (Human Fighter)        Turns: 1182, Time: 00:01:23

Health: -3/29      AC:  6    Str: 18    XL:     3   Next: 82%
Magic:  3/3        EV:  9    Int:  8    God:
Gold:   86         SH:  4    Dex: 12    Spells: 2/2 levels left

rFire   . . .      SeeInvis .   a - +0 long sword
rCold   . . .      Faith    .   c - +0 buckler
rNeg    . . .      Spirit   .   e - +0 scale mail
rPois   .          Reflect  .   (no helmet)
rElec   .          Harm     .   (no cloak)
rCorr   .          Rampage  .   (no gloves)
Will    .....                   (no boots)
Stlth   ..........              (no amulet)
HPRegen 0.09/turn               (no ring)
MPRegen 0.08/turn               (no ring)

@: mighty
A: no striking features
a: no special abilities


You were on level 2 of the Dungeon.
You visited 1 branch of the dungeon, and saw 2 of its levels.

You collected 86 gold pieces.

Inventory:

Hand Weapons
 a - a +0 long sword (weapon)
 b - a +0 hunting sling
Missiles
 h - 25 sling bullets
Armour
 c - a +0 buckler (worn)
 e - a +0 scale mail (worn)
Jewellery
 n - an amulet of regeneration
Scrolls
 f - 3 scrolls of identify {unknown}
 g - 2 scrolls of fear {unknown}
 i - a scroll of noise {unknown}
 k - a scroll of brand weapon {unknown}
 l - 2 scrolls of magic mapping {unknown}
 m - a scroll of blinking {unknown}
Potions
 j - a potion of cancellation {unknown}


   Skills:
 - Level 3.0 Fighting
 + Level 3.0 Long Blades
 - Level 3.0 Armour
 + Level 3.8 Shields


You had 2 spell levels left.
You didn't know any spells.
Your spell library contained the following spells:

 Spells                   Type           Power      Damage    Failure   Level
 Beastly Appendage        Tmut           0%         N/A       87%         1
 Sting                    Tmut/Pois      0%         1d3       87%         1
 Poisonous Vapours        Pois/Air       0%         N/A       95%         2
 Wereblood                Tmut           0%         N/A       95%         2
 Spider Form              Tmut/Pois      0%         N/A       99%         3
 Olgreb's Toxic Radiance  Pois           0%         N/A       100%        4


Dungeon Overview and Level Annotations

Branches:
Dungeon (2/15)

Altars:

Annotations:
D:2 Sigmund


Message History

The kobold shouts!
A kobold is nearby!
You hit the kobold.
You kill the kobold!
No target in view!
You now have 86 gold pieces (gained 12).
An adder and Sigmund come into view.
Sigmund shouts!
The adder hisses angrily.
Sigmund gestures at you while chanting. You resist with significant effort.
There are monsters nearby!
There are monsters nearby!
b - a +0 hunting sling (weapon)
Sigmund drinks a potion.
Sigmund seems to speed up.
You shoot a sling bullet. The sling bullet hits the adder.
The adder is heavily wounded.
You shoot a sling bullet.
The sling bullet closely misses the adder.
a - a +0 long sword (weapon)
The adder barely misses you.
You closely miss the adder.
The adder is heavily wounded.
The adder bites you. Sigmund barely misses you. The adder closely misses you.
You feel very mighty all of a sudden. The adder misses you.
Sigmund mumbles some strange words.
Sigmund flickers and vanishes!
Deactivating autopickup; reactivate with Ctrl-A.
You slash the adder!
You kill the adder!
Your Long Blades skill increases to level 3!
You miss something. Something hits you.
You completely miss something. Something hits you! Something hits you.
You closely miss something. Something hits you!
* * * LOW HITPOINT WARNING * * *
You closely miss something.
You hear some strange, mumbled words.
A puff of flame appears from out of thin air!
The puff of flame hits you!
You die...

#........ #.##
#........ #.#
#........ #.#
#.......( #.#
#........ #.#
#....(... #.#
#..@..... #.#
#{##############.#
#.@..............#
##....############
#....# #...)#
#....# #....#
#....# #[...#
######


There were no monsters in sight!

Vanquished Creatures
  2 adders (D:2)
  2 bats (D:1)
  2 endoplasms (D:1)
  2 giant cockroaches
  A goblin (D:2)
  A hobgoblin (D:2)
  A quokka (D:1)
  5 ball pythons
  3 frilled lizards (D:2)
  2 kobolds
  8 rats
29 creatures vanquished.

Notes
Turn   | Place    | Note
-------+----------+-------------------------------------------
     0 | D:1      | browni3141 the Human Fighter began the quest for the Orb.
     0 | D:1      | Reached XP level 1. HP: 18/18 MP: 1/1
    97 | D:1      | Reached XP level 2. HP: 14/24 MP: 2/2
   876 | D:2      | Reached XP level 3. HP: 29/29 MP: 3/3
  1170 | D:2      | Noticed Sigmund
  1182 | D:2      | Killed from afar by Sigmund

Illustrated notes

Levels and vault maps discovered:
D:1:      dpeg_arrival_ratfight, layout_basic
D:2:      layout_basic, uniq_sigmund

Skill      XL: |  1  2  3 |
---------------+----------+-----
Long Blades    | 3 |  3.0
Fighting       | |  3.0
Armour         | |  3.0
Shields        | |  3.8

Action                   || total
-------------------------++-------
Melee: Long sword        ||    75
 Fire: Hunting sling     ||     4
  Use: Potion            ||     1
Armor: Scale mail        ||    31
Dodge: Dodged            ||    25
Block: Buckler           ||     9

Table legend: (Time is in decaauts)
 A = Elapsed time spent in this place.
 B = Non-inter-level travel time spent in this place.
 C = Inter-level travel time spent in this place.
 D = Time resting spent in this place.
 E = Time spent auto-exploring this place.
 F = Levels seen in this place.
 G = Mean time per level.
                   A        B        C        D        E       F      G
               +--------+--------+--------+--------+--------+-----+--------+
         Total |   1203 |   1190 |     13 |      0 |    971 |   2 |  601.5 |
       Dungeon |   1203 |   1190 |     13 |      0 |    971 |   2 |  601.5 |
               +--------+--------+--------+--------+--------+-----+--------+

Top non-repeatable levels by time:
     D:1: 812 daAuts
     D:2: 390 daAuts
